TOP OF THE 1ST |
Trenton Stars batting - Pitching for Havana Rollers : LHP Mike Doss
|
Pitching: LHP Mike Doss
|
|
Batting: LHB Alberto Gómez
|
0-0: Ball 1-0: Foul Ball, location: 2F 1-1: Swinging Strike 1-2: Strikes out looking
|
Batting: SHB Rafael Villa
|
0-0: Called Strike 0-1: Ball 1-1: Ball 2-1: Ball 3-1: Ground out 1-3 (Groundball, 13S)
|
Batting: RHB Salvador Gonzáles
|
0-0: Called Strike 0-1: Called Strike 0-2: Foul Ball, location: 2F 0-2: Ball 1-2: Strikes out looking
|
Top of the 1st over - 0 run(s), 0 hit(s), 0 error(s), 0 left on base; Trenton 0 - Havana 0 |
BOTTOM OF THE 1ST |
Havana Rollers batting - Pitching for Trenton Stars : RHP Juan Vázquez
|
Pitching: RHP Juan Vázquez
|
|
Batting: LHB Jimmy Husted
|
0-0: Ball 1-0: DOUBLE (Groundball, 3L)
|
Batting: RHB Ed Sims
|
0-0: Called Strike 0-1: Called Strike 0-2: Foul Ball, location: 2F 0-2: Foul Ball, location: 2F 0-2: Foul Ball, location: 2F 0-2: Ball 1-2: Ball 2-2: Foul Ball, location: 2F 2-2: Ball 3-2: Base on Balls
|
Pitching: LHP Michael Puckett
|
|
Batting: LHB Enrique Cortéz
|
0-0: Called Strike 0-1: Ball 1-1: Ground out 4-3 (Groundball, 4M) Jimmy Husted to third Ed Sims to second
|
Batting: SHB Chris Bennis
|
0-0: Ball 1-0: Ball 2-0: Ball 3-0: Called Strike 3-1: Foul Ball, location: 2F 3-2: Base on Balls
|
Pitching: RHP Alfredo Ruíz
|
|
Batting: RHB Salvador Borbón
|
0-0: Called Strike 0-1: Ball 1-1: Ball 2-1: Swinging Strike 2-2: Foul Ball, location: 2F 2-2: Fly out, F9 (Flyball, 9LMF) Runner from 3rd tags up, SCORES, no throw
|
Pitching: RHP Jonathan Booker
|
|
Batting: SHB Pepe Pińa
|
0-0: Called Strike 0-1: Ball 1-1: Ball 2-1: Called Strike 2-2: Foul Ball, location: 2F 2-2: Ball 3-2: Ground out U3 (Groundball, 3S)
|
Bottom of the 1st over - 1 run(s), 1 hit(s), 0 error(s), 2 left on base; Trenton 0 - Havana 1 |
TOP OF THE 2ND |
Trenton Stars batting - Pitching for Havana Rollers : LHP Mike Doss
|
Batting: LHB Alonzo Medine
|
0-0: Called Strike 0-1: Called Strike 0-2: Ball 1-2: Ball 2-2: SINGLE (Groundball, 3D)
|
Batting: RHB Joe Fisher
|
0-0: Ball 1-0: Ball 2-0: Foul Ball, location: 2F 2-1: SINGLE (Line Drive, 4D) Alonzo Medine to second
|
Batting: LHB Felipe Guerrero
|
0-0: SINGLE (Line Drive, 56) Alonzo Medine to third Joe Fisher to second
|
Batting: RHB Jesús Dávila
|
0-0: Fly out, F8 (Flyball, 8RS)
|
Batting: LHB Ju-wei Shiu
|
0-0: Ball Wild Pitch! Alonzo Medine scores Joe Fisher to third Felipe Guerrero to second 1-0: Called Strike 1-1: Fly out, F7 (Flyball, 7M) Runner from 3rd tags up, SCORES, throw made
|
Batting: RHB Chris Cole
|
0-0: Called Strike 0-1: Called Strike 0-2: Strikes out swinging
|
Top of the 2nd over - 2 run(s), 3 hit(s), 0 error(s), 1 left on base; Trenton 2 - Havana 1 |
BOTTOM OF THE 2ND |
Havana Rollers batting - Pitching for Trenton Stars : RHP Jonathan Booker
|
Pitching: LHP Luis Guevara
|
|
Batting: RHB Paul Bailey
|
0-0: Fly out, F9 (Flyball, 9D)
|
Pitching: RHP Gilberto Martínez
|
|
Batting: LHB José Torres
|
0-0: Foul Ball, location: 2F 0-1: Ball 1-1: Foul Ball, location: 2F 1-2: Strikes out swinging
|
Batting: LHB Noriaki Oshima
|
0-0: Called Strike 0-1: Ball 1-1: Foul Ball, location: 2F 1-2: Hit by Pitch
|
Batting: LHB Jimmy Husted
|
0-0: Ball 1-0: Foul Ball, location: 2F 1-1: SINGLE (Line Drive, 4M) Noriaki Oshima to second
|
Batting: RHB Ed Sims
|
0-0: Foul Ball, location: 2F 0-1: Swinging Strike 0-2: Ball 1-2: Ball 2-2: Foul Ball, location: 2F 2-2: Ball 3-2: Foul Ball, location: 2F 3-2: Foul Ball, location: 2F 3-2: Fly out, F8 (Flyball, 8RM)
|
Bottom of the 2nd over - 0 run(s), 1 hit(s), 0 error(s), 2 left on base; Trenton 2 - Havana 1 |
TOP OF THE 3RD |
Trenton Stars batting - Pitching for Havana Rollers : LHP Mike Doss
|
Batting: LHB Alberto Gómez
|
0-0: SINGLE (Line Drive, 89S)
|
Batting: SHB Rafael Villa
|
0-0: Ball 1-0: Ball 2-0: Swinging Strike 2-1: Foul Ball, location: 2F 2-2: Ball Alberto Gómez is caught stealing 2nd base 3-2: Fly out, F8 (Flyball, 8LD)
|
Batting: RHB Salvador Gonzáles
|
0-0: Ball 1-0: Reached on error, E5 (Groundball, 56S)
|
Batting: LHB Alonzo Medine
|
0-0: Called Strike 0-1: Foul Ball, location: 2F 0-2: Strikes out looking
|
Top of the 3rd over - 0 run(s), 1 hit(s), 1 error(s), 1 left on base; Trenton 2 - Havana 1 |
BOTTOM OF THE 3RD |
Havana Rollers batting - Pitching for Trenton Stars : RHP Gilberto Martínez
|
Batting: LHB Enrique Cortéz
|
0-0: Swinging Strike 0-1: SINGLE (Flyball, 9S)
|
Batting: SHB Chris Bennis
|
0-0: Ball 1-0: Ball 2-0: Ball Wild Pitch! Enrique Cortéz to second 3-0: Called Strike 3-1: Base on Balls
|
Batting: RHB Salvador Borbón
|
0-0: Ball Passed Ball! Enrique Cortéz to third Chris Bennis to second 1-0: SINGLE (Line Drive, 56D) Enrique Cortéz scores Chris Bennis to third
|
Batting: SHB Pepe Pińa
|
0-0: SINGLE (Line Drive, 6D) Chris Bennis scores Salvador Borbón to second
|
Batting: RHB Paul Bailey
|
0-0: Foul Ball, location: 2F 0-1: Ball 1-1: Called Strike 1-2: Ball 2-2: Ball 3-2: Base on Balls Salvador Borbón to third Pepe Pińa to second
|
Batting: LHB José Torres
|
0-0: Ball 1-0: Ball 2-0: Ball 3-0: Base on Balls Salvador Borbón scores Pepe Pińa to third Paul Bailey to second
|
Batting: LHB Noriaki Oshima
|
0-0: Ball 1-0: Grounds into double play, 6-4-3 (Groundball, 6) Pepe Pińa scores Paul Bailey to third
|
Batting: LHB Jimmy Husted
|
0-0: Ball 1-0: Called Strike 1-1: Ball 2-1: Ball 3-1: Base on Balls
|
Batting: RHB Ed Sims
|
0-0: Ball 1-0: Ball 2-0: SINGLE (Groundball, 6MD) Paul Bailey scores Jimmy Husted to second
|
Batting: LHB Enrique Cortéz
|
0-0: Ball 1-0: Ball 2-0: Foul Ball, location: 2F 2-1: Hit by Pitch Jimmy Husted to third Ed Sims to second
|
Batting: SHB Chris Bennis
|
0-0: Called Strike 0-1: Ball 1-1: Ball 2-1: Ball 3-1: DOUBLE (Groundball, 3L) Jimmy Husted scores Ed Sims scores Enrique Cortéz to third
|
Batting: RHB Salvador Borbón
|
0-0: Ball 1-0: Foul Ball, location: 2F 1-1: Reached on Error, E6 (Popup, 6M) Enrique Cortéz scores Chris Bennis to third
|
Pitching: RHP Nick Bowman
|
|
Batting: SHB Pepe Pińa
|
0-0: Ball 1-0: Ball 2-0: Ball 3-0: Base on Balls Salvador Borbón to second
|
Batting: RHB Paul Bailey
|
0-0: SINGLE (Groundball, 15) (infield hit) Chris Bennis scores Salvador Borbón to third Pepe Pińa to second
|
Batting: LHB José Torres
|
0-0: Called Strike 0-1: Ball Wild Pitch! Salvador Borbón scores Pepe Pińa to third Paul Bailey to second 1-1: Hit by Pitch
|
Batting: LHB Noriaki Oshima
|
0-0: Fly out, F9 (Flyball, 89D)
|
Bottom of the 3rd over - 10 run(s), 6 hit(s), 1 error(s), 3 left on base; Trenton 2 - Havana 11 |
TOP OF THE 4TH |
Trenton Stars batting - Pitching for Havana Rollers : LHP Mike Doss
|
Batting: RHB Joe Fisher
|
0-0: Swinging Strike 0-1: Fly out, F8 (Line Drive, 8RS)
|
Batting: LHB Felipe Guerrero
|
0-0: Ball 1-0: Ball 2-0: Foul Ball, location: 2F 2-1: Foul Ball, location: 2F 2-2: Ball 3-2: Base on Balls
|
Batting: RHB Jesús Dávila
|
0-0: Called Strike 0-1: Foul Ball, location: 2F 0-2: Grounds into double play, 6-4-3 (Groundball, 6)
|
Top of the 4th over - 0 run(s), 0 hit(s), 0 error(s), 0 left on base; Trenton 2 - Havana 11 |
BOTTOM OF THE 4TH |
Havana Rollers batting - Pitching for Trenton Stars : RHP Nick Bowman
|
Batting: LHB Jimmy Husted
|
0-0: Ball 1-0: SINGLE (Groundball, 3S)
|
Batting: RHB Ed Sims
|
0-0: Ball 1-0: Ball 2-0: SINGLE (Groundball, 56D) Jimmy Husted to second
|
Batting: LHB Enrique Cortéz
|
0-0: SINGLE (Groundball, 34D) Jimmy Husted to third Ed Sims to second Runner from 3rd tries for Home, SAFE, no throw or cutoff
|
Batting: SHB Chris Bennis
|
0-0: Ball 1-0: Called Strike 1-1: Ball 2-1: Fly out, F6 (Popup, 6)
|
Batting: RHB Salvador Borbón
|
0-0: Ball 1-0: Ball 2-0: Ball 3-0: Called Strike 3-1: Base on Balls Ed Sims to third Enrique Cortéz to second
|
Batting: SHB Pepe Pińa
|
0-0: Ball 1-0: Called Strike 1-1: Foul Ball, location: 2F 1-2: Ball 2-2: Fly out, F5 (Popup, 5SF)
|
Batting: RHB Paul Bailey
|
0-0: Ball Balk! Ed Sims scores Enrique Cortéz to third Salvador Borbón to second 1-0: Ball 2-0: Ball 3-0: Base on Balls
|
Batting: LHB José Torres
|
0-0: Ball 1-0: Fly out, F9 (Flyball, 9S)
|
Bottom of the 4th over - 2 run(s), 3 hit(s), 0 error(s), 3 left on base; Trenton 2 - Havana 13 |
TOP OF THE 5TH |
Trenton Stars batting - Pitching for Havana Rollers : LHP Mike Doss
|
Batting: LHB Ju-wei Shiu
|
0-0: Ball 1-0: Called Strike 1-1: Called Strike 1-2: Ball 2-2: Foul Ball, location: 2F 2-2: Ground out 6-3 (Groundball, 6M)
|
Batting: RHB Chris Cole
|
0-0: Ground out 6-3 (Groundball, 6)
|
Batting: LHB Alberto Gómez
|
0-0: Called Strike 0-1: Foul Ball, location: 2F 0-2: Foul Ball, location: 2F 0-2: Ball 1-2: Strikes out swinging
|
Top of the 5th over - 0 run(s), 0 hit(s), 0 error(s), 0 left on base; Trenton 2 - Havana 13 |
BOTTOM OF THE 5TH |
Havana Rollers batting - Pitching for Trenton Stars : RHP Nick Bowman
|
Batting: LHB Noriaki Oshima
|
0-0: Ball 1-0: Swinging Strike 1-1: Called Strike 1-2: Fly out, F7 (Line Drive, 7LM)
|
Batting: LHB Jimmy Husted
|
0-0: Ball 1-0: DOUBLE (Line Drive, 7LM)
|
Batting: RHB Ed Sims
|
0-0: Foul Ball, location: 2F 0-1: SINGLE (Groundball, 56D) Jimmy Husted to third Runner from 3rd tries for Home, SAFE, no throw or cutoff
|
Batting: LHB Enrique Cortéz
|
0-0: Foul Ball, location: 2F 0-1: Foul Ball, location: 2F 0-2: Ball 1-2: Foul Ball, location: 2F 1-2: SINGLE (Groundball, 56) Ed Sims to second
|
Batting: SHB Chris Bennis
|
0-0: SINGLE (Groundball, 34D) Ed Sims to third Enrique Cortéz to second
|
Batting: RHB Salvador Borbón
|
0-0: SINGLE (Flyball, 8RS) Ed Sims scores Enrique Cortéz to third Chris Bennis to second Runner from 3rd tries for Home, SAFE, throw made home
|
Batting: SHB Pepe Pińa
|
0-0: Foul Ball, location: 2F 0-1: Grounds into double play, U4-3 (Groundball, 4)
|
Bottom of the 5th over - 3 run(s), 5 hit(s), 0 error(s), 1 left on base; Trenton 2 - Havana 16 |
TOP OF THE 6TH |
Trenton Stars batting - Pitching for Havana Rollers : LHP Mike Doss
|
Batting: SHB Rafael Villa
|
0-0: Called Strike 0-1: Ball 1-1: Ball 2-1: DOUBLE (Line Drive, 8RD)
|
Batting: RHB Salvador Gonzáles
|
0-0: Called Strike 0-1: Swinging Strike 0-2: Ball 1-2: Foul Ball, location: 2F 1-2: Strikes out swinging
|
Batting: LHB Alonzo Medine
|
0-0: Ground out 1-3 (Groundball, 15)
|
Batting: RHB Joe Fisher
|
0-0: Foul Ball, location: 2F 0-1: Ball 1-1: Ball 2-1: Ball 3-1: Base on Balls
|
Batting: LHB Felipe Guerrero
|
0-0: Ball 1-0: SINGLE (Groundball, 5D) Rafael Villa to third Joe Fisher to second Runner from 3rd tries for Home, SAFE, no throw or cutoff
|
Batting: RHB Jesús Dávila
|
0-0: Ball 1-0: Swinging Strike 1-1: Ball 2-1: Called Strike 2-2: Fly out, F3 (Popup, 3L)
|
Top of the 6th over - 1 run(s), 2 hit(s), 0 error(s), 2 left on base; Trenton 3 - Havana 16 |
BOTTOM OF THE 6TH |
Havana Rollers batting - Pitching for Trenton Stars : RHP Nick Bowman
|
Batting: RHB Paul Bailey
|
0-0: Called Strike 0-1: Ball 1-1: Fly out, F8 (Flyball, 8RXD)
|
Batting: LHB José Torres
|
0-0: Ball 1-0: Ball 2-0: Swinging Strike 2-1: Ball 3-1: Base on Balls
|
Batting: LHB Noriaki Oshima
|
0-0: Called Strike 0-1: Ball 1-1: Ball 2-1: Ball Wild Pitch! José Torres to second 3-1: Base on Balls
|
Batting: LHB Jimmy Husted
|
0-0: Hit by Pitch José Torres to third Noriaki Oshima to second
|
Batting: RHB Ed Sims
|
0-0: Foul Ball, location: 2F 0-1: Hit by Pitch José Torres scores Noriaki Oshima to third Jimmy Husted to second
|
Batting: LHB Enrique Cortéz
|
0-0: Called Strike 0-1: SINGLE (Groundball, 56D) Noriaki Oshima scores Jimmy Husted to third Ed Sims to second Runner from 3rd tries for Home, SAFE, no throw or cutoff
|
Batting: SHB Chris Bennis
|
0-0: Called Strike 0-1: Foul Ball, location: 2F 0-2: Foul Ball, location: 2F 0-2: Ball 1-2: Ball 2-2: Foul Ball, location: 2F 2-2: DOUBLE (Line Drive, 7LM) Ed Sims scores Enrique Cortéz to third
|
Batting: RHB Salvador Borbón
|
0-0: Ball 1-0: Foul Ball, location: 2F 1-1: Ball 2-1: Foul Ball, location: 2F 2-2: SINGLE (Flyball, 8LS) - OUT at second base trying to stretch hit. Enrique Cortéz scores Chris Bennis scores
|
Batting: SHB Pepe Pińa
|
0-0: Called Strike 0-1: SINGLE (Line Drive, 34D)
|
Batting: RHB Paul Bailey
|
0-0: Called Strike 0-1: Ball 1-1: Ball 2-1: Ball 3-1: Base on Balls Pepe Pińa to second
|
Batting: LHB José Torres
|
0-0: Foul Ball, location: 2F 0-1: Ball 1-1: Ball 2-1: Ball Wild Pitch! Pepe Pińa to third Paul Bailey to second 3-1: Swinging Strike 3-2: Foul Ball, location: 2F 3-2: Fly out, F4 (Line Drive, 4)
|
Bottom of the 6th over - 6 run(s), 4 hit(s), 0 error(s), 2 left on base; Trenton 3 - Havana 22 |
TOP OF THE 7TH |
Trenton Stars batting - Pitching for Havana Rollers : LHP Mike Doss
|
Batting: LHB Ju-wei Shiu
|
0-0: Called Strike 0-1: Ball 1-1: Foul Ball, location: 2F 1-2: Foul Ball, location: 2F 1-2: Foul Ball, location: 2F 1-2: Strikes out swinging
|
Batting: RHB Chris Cole
|
0-0: Ball 1-0: Ball 2-0: Swinging Strike 2-1: Foul Ball, location: 2F 2-2: SINGLE (Groundball, 56D) (infield hit)
|
Batting: LHB Alberto Gómez
|
0-0: Ball 1-0: Called Strike 1-1: Foul Ball, location: 2F 1-2: DOUBLE (Line Drive, 78M) Chris Cole to third Runner from 3rd tries for Home, SAFE, no throw or cutoff
|
Pitching: RHP Chandler Lindsey
|
|
Batting: SHB Rafael Villa
|
0-0: Ball 1-0: Ball 2-0: Called Strike 2-1: Called Strike 2-2: Ball 3-2: Strikes out looking
|
Batting: RHB Salvador Gonzáles
|
0-0: Called Strike 0-1: Ball 1-1: Ball 2-1: Called Strike 2-2: Ball 3-2: Strikes out swinging
|
Top of the 7th over - 1 run(s), 2 hit(s), 0 error(s), 1 left on base; Trenton 4 - Havana 22 |
BOTTOM OF THE 7TH |
Havana Rollers batting - Pitching for Trenton Stars : RHP Nick Bowman
|
Batting: LHB Noriaki Oshima
|
0-0: Called Strike 0-1: Hit by Pitch
|
Batting: LHB Jimmy Husted
|
0-0: Bunted foul 0-1: Ball 1-1: Bunted foul 1-2: Ball 2-2: Ball 3-2: Foul Ball, location: 2F 3-2: Base on Balls Noriaki Oshima to second
|
Pitching: RHP David Nava
|
|
Batting: RHB Ed Sims
|
0-0: Foul Ball, location: 2F 0-1: Swinging Strike 0-2: Fly out, F9 (Flyball, 89M)
|
Batting: LHB Enrique Cortéz
|
0-0: Ball 1-0: Ball 2-0: Ball 3-0: Base on Balls Noriaki Oshima to third Jimmy Husted to second
|
Batting: SHB Chris Bennis
|
0-0: Called Strike 0-1: Ball 1-1: Ball 2-1: Swinging Strike 2-2: Ball 3-2: Base on Balls Noriaki Oshima scores Jimmy Husted to third Enrique Cortéz to second
|
Batting: RHB Salvador Borbón
|
0-0: Ball 1-0: Grounds into double play, 5-4-3 (Groundball, 56)
|
Bottom of the 7th over - 1 run(s), 0 hit(s), 0 error(s), 2 left on base; Trenton 4 - Havana 23 |
TOP OF THE 8TH |
Trenton Stars batting - Pitching for Havana Rollers : RHP Chandler Lindsey
|
Now at 1B: Zhi-huan Loong
|
|
Batting: LHB Alonzo Medine
|
0-0: Ball 1-0: Foul Ball, location: 2F 1-1: Called Strike 1-2: Ball 2-2: Strikes out swinging
|
Batting: RHB Joe Fisher
|
0-0: Ball 1-0: Ball 2-0: Foul Ball, location: 2F 2-1: Foul Ball, location: 2F 2-2: Ground out 2-3 (Groundball, 13S)
|
Batting: LHB Felipe Guerrero
|
0-0: Called Strike 0-1: Ball 1-1: Ball 2-1: Ground out 6-3 (Groundball, 6MS)
|
Top of the 8th over - 0 run(s), 0 hit(s), 0 error(s), 0 left on base; Trenton 4 - Havana 23 |
BOTTOM OF THE 8TH |
Havana Rollers batting - Pitching for Trenton Stars : RHP David Nava
|
Batting: SHB Pepe Pińa
|
0-0: Called Strike 0-1: Ball 1-1: Ball 2-1: Fly out, F2 (Popup, 2LF)
|
Batting: RHB Paul Bailey
|
0-0: Ground out 5-3 (Groundball, 5S)
|
Batting: LHB José Torres
|
0-0: SINGLE (Line Drive, 8RS)
|
Batting: LHB Noriaki Oshima
|
0-0: Ground out 4-3 (Groundball, 4)
|
Bottom of the 8th over - 0 run(s), 1 hit(s), 0 error(s), 1 left on base; Trenton 4 - Havana 23 |
TOP OF THE 9TH |
Trenton Stars batting - Pitching for Havana Rollers : RHP Chandler Lindsey
|
Batting: RHB Jesús Dávila
|
0-0: Called Strike 0-1: Foul Ball, location: 2F 0-2: Strikes out swinging
|
Batting: LHB Ju-wei Shiu
|
0-0: Ball 1-0: Called Strike 1-1: Foul Ball, location: 2F 1-2: Hit by Pitch
|
Batting: RHB Chris Cole
|
0-0: Ball 1-0: Foul Ball, location: 2F 1-1: Ball 2-1: Called Strike 2-2: Fly out, F9 (Flyball, 9S)
|
Batting: LHB Alberto Gómez
|
0-0: Foul Ball, location: 2F 0-1: Fly out, F9 (Flyball, 89D)
|
Top of the 9th over - 0 run(s), 0 hit(s), 0 error(s), 1 left on base; Trenton 4 - Havana 23 |
|